Map: Ever Dream LE

Players

OldGreg - Winner!

  • Race: Protoss Protoss
  • League: Master
  • Spawn Location: 7:00

SHAORAN

  • Race: Protoss Protoss
  • League: Master
  • Spawn Location: 1:00

VOD

Have the link to the VOD?

Description

Time

  • Played on: March 15, 2020, 5:35 a.m.
  • Length: 16:12
Show
View Real Time Build Order
Export as new Build Order

OldGreg Protoss - Winner!

Build Orders:  

Get SALT Encoding   

  12  0:01  Probe (Chrono Boost)  
  13  0:13  Probe (Chrono Boost)  
  14  0:17  Pylon  
  14  0:20  Probe (Chrono Boost)  
  14  0:28  Assimilator  
  15  0:41  Probe  
  16  0:53  Probe  
  17  1:15  Forge  
  17  1:39  Pylon  
  17  1:58  Photon Cannon  
  17  2:20  Photon Cannon  
  17  2:31  Photon Cannon  
  17  2:37  Photon Cannon  
  17  2:43  Pylon  
  17  2:53  Photon Cannon  
  17  3:03  Photon Cannon  
  17  3:13  Photon Cannon  
  17  3:21  Pylon  
  17  3:29  Photon Cannon  
  17  3:34  Pylon  
  16  3:43  Probe  
  17  3:51  Pylon  
  17  3:52  Assimilator  
  17  3:55  Probe  
  17  3:56  Assimilator  
  17  4:01  Gateway  
  18  4:07  Probe  
  19  4:10  Photon Cannon  
  19  4:12  Photon Cannon  
  19  4:24  Photon Cannon  
  17  4:45  Probe  
  17  4:59  Cybernetics Core  
  17  5:01  Probe (Chrono Boost)  
  18  5:11  Probe (Chrono Boost)  
  19  5:16  Probe (Chrono Boost)  
  20  5:41  Nexus  
  20  5:47  Stalker  
  23  5:50  Probe  
  23  5:53  Warp Gate  
  22  6:17  Stalker (Chrono Boost)  
  23  6:19  Gateway  
  23  6:35  Probe  
  24  6:48  Probe  
  24  6:53  Pylon  
  24  6:54  Probe  
  26  7:00  Probe  
  27  7:06  Probe  
  28  7:12  Probe, Stalker  
  31  7:18  Probe (Chrono Boost)  
  31  7:19  Stalker  
  35  7:30  Probe (Chrono Boost)  
  35  7:35  Probe (Chrono Boost)  
  36  7:44  Probe  
  37  7:55  Stalker  
  37  7:58  Stalker  
  39  8:04  Probe  
  40  8:05  Twilight Council  
  40  8:08  Assimilator  
  40  8:11  Pylon  
  40  8:16  Probe  
  40  8:19  Sentry  
  43  8:32  Stalker  
  43  8:43  Probe  
  44  8:48  Adept, Assimilator  
  44  8:54  Gateway x2  
  44  8:55  Probe  
  47  8:57  Probe, Gateway  
  47  9:00  Pylon x2  
  47  9:02  Adept  
  50  9:07  Probe  
  50  9:09  Adept  
  53  9:22  Adept x2  
  55  9:34  Probe  
  56  9:39  Pylon  
  56  9:42  Pylon  
  56  9:45  Stalker x2  
  58  9:46  Probe  
  58  9:49  Stalker  
  58  9:50  Stalker  
  62  10:02  Stalker  
  51  10:20  Stalker x2  
  39  10:39  Probe  
  38  10:47  Probe, Stargate  
  38  10:49  Stargate  
  39  10:54  Adept  
  41  10:57  Adept  
  41  10:59  Probe  
  44  11:08  Probe  
  45  11:20  Probe  
  44  11:40  Void Ray (Chrono Boost)  
  44  11:41  Void Ray (Chrono Boost)  
  50  11:47  Probe  
  50  11:50  Adept  
  50  11:51  Adept  
  50  11:53  Probe  
  56  11:59  Probe  
  57  12:05  Pylon  
  53  12:16  Void Ray  
  57  12:34  Pylon  
  57  12:37  Void Ray  
  61  12:59  Void Ray  
  63  13:13  Stalker x3  
  47  13:36  Zealot x2  
  47  13:46  Void Ray x2 (Chrono Boost)  
  43  14:21  Void Ray  
  43  14:38  Void Ray  
  47  14:42  Probe  
  48  14:46  Probe  
  49  14:54  Probe  
  49  14:58  Probe  
  43  15:14  Void Ray  
  43  15:21  Probe  
  48  15:26  Void Ray  
  52  15:33  Probe  
Show
View Real Time Build Order
Export as new Build Order

SHAORAN Protoss 

Build Orders:  

Get SALT Encoding   

  12  0:01  Probe  
  13  0:13  Probe  
  14  0:19  Pylon  
  14  0:25  Probe  
  15  0:37  Probe  
  15  0:38  Gateway  
  16  0:44  Assimilator  
  16  0:49  Probe  
  17  0:58  Assimilator  
  17  1:02  Probe  
  18  1:15  Gateway  
  18  1:31  Probe  
  19  1:42  Pylon  
  19  1:49  Zealot (Chrono Boost)  
  21  2:05  Zealot (Chrono Boost)  
  21  2:08  Probe  
  24  2:14  Cybernetics Core  
  24  2:17  Pylon  
  24  2:20  Probe  
  25  2:32  Probe  
  16  3:08  Stalker (Chrono Boost)  
  16  3:09  Stalker (Chrono Boost)  
  9  3:44  Probe (Chrono Boost)  
  10  3:55  Probe (Chrono Boost)  
  11  4:01  Probe  
  12  4:13  Probe (Chrono Boost)  
  13  4:23  Probe (Chrono Boost)  
  14  4:28  Probe (Chrono Boost)  
  13  4:46  Probe  
  14  4:54  Adept x2  
  14  4:58  Probe  
  19  5:10  Probe, Warp Gate  
  20  5:23  Probe  
  21  5:35  Probe (Chrono Boost)  
  22  5:47  Probe (Chrono Boost)  
  23  5:53  Probe (Chrono Boost)  
  24  6:01  Probe  
  25  6:13  Probe  
  26  6:25  Probe  
  27  6:37  Probe  
  28  6:49  Probe  
  29  6:56  Robotics Facility  
  29  7:01  Probe, Nexus  
  30  7:12  Pylon  
  30  7:13  Pylon  
  30  7:14  Probe  
  32  7:30  Probe  
  32  7:36  Stalker x2  
  36  7:42  Probe  
  35  7:54  Probe  
  36  7:59  Warp Prism (Chrono Boost)  
  36  8:00  Stalker x2  
  42  8:06  Probe  
  44  8:21  Probe (Chrono Boost)  
  44  8:22  Probe (Chrono Boost)  
  45  8:28  Observer  
  45  8:32  Probe (Chrono Boost)  
  48  8:34  Probe (Chrono Boost)  
  44  8:42  Probe  
  45  8:52  Probe  
  45  8:55  Gateway  
  46  8:56  Gateway, Stalker x2  
  46  8:59  Probe  
  46  9:01  Pylon  
  51  9:03  Pylon  
  51  9:11  Immortal  
  55  9:42  Stalker x2  
  59  9:50  Stalker  
  50  10:08  Stalker x2  
  31  10:36  Probe (Chrono Boost)  
  31  10:37  Probe (Chrono Boost)  
  32  10:46  Probe (Chrono Boost)  
  32  10:47  Probe (Chrono Boost)  
  34  10:50  Pylon, Immortal  
  34  10:52  Probe x2 (Chrono Boost), Stalker x2  
  44  10:59  Pylon  
  44  11:02  Probe x2  
  46  11:12  Twilight Council  
  46  11:19  Probe x2  
  48  11:27  Stalker  
  48  11:30  Observer (Chrono Boost)  
  49  11:43  Stalker x3  
  55  11:47  Warp Prism (Chrono Boost)  
  55  11:52  Charge  
  57  12:06  Probe x2  
  59  12:09  Assimilator  
  59  12:18  Probe x2  
  61  12:30  Probe x2  
  61  12:33  Pylon  
  61  12:36  Pylon  
  63  12:42  Stalker  
  63  12:43  Stalker x3  
  65  13:25  Stalker x2  
  51  13:43  Probe x2  
  53  13:55  Probe x2  
  49  14:16  Probe x2  
  46  14:17  Stalker x2  
  35  14:41  Stalker x2  
  33  15:17  Stalker x2  
Tags
 
Matchup
PvP
Spawn Locations
Cross Positions
Add a new tag
Caveats
  • Supply blocks, unpowered buildings, or Contaminate may cause inaccurate times.
  • Supply counts are checked every 10 seconds.